 Dungeon Sprint DCSS version 0.30-a0-824-g6c64550be9 (webtiles) character file.

Game seed: 14774253950243539226

6200000 BigDaddyOpFi the Intangible (level 25, -25/214 HPs)
             Began as a Djinni Warper on Feb 27, 2023.
             Was the Champion of Makhleb.
             Annihilated by a meat berserker
             ... wielding a +9 battleaxe
              (54 damage)
             ... in the Dungeon (Sprint VIII: "Arena of Blood").
             The game lasted 00:01:16 (62 turns).

BigDaddyOpFi the Intangible (Djinni Warper)           Turns: 62, Time: 00:01:16

Health: -25/214    AC:  6    Str: 10    XL:     25   Next: 32%
Gold:   0          EV: 34    Int: 17    God:    Makhleb [******] SH:  0 Dex: 23

rFire   + + .      SeeInvis .    h - +∞ Axe of Woe
rCold   x . .      Faith    .    (shield currently unavailable)
rNeg    . . .      Spirit   .    a - +0 leather armour
rPois   ∞          Reflect  .    (no helmet)
rElec   .          Harm     .    (no cloak)
rCorr   .          Rampage  .    (no gloves)
Will    ++...      NoTele   +    (boots unavailable)
Stlth   ++++++++++               (no amulet)
HPRegen 0.55/turn                (no ring)
MPRegen 0.00/turn                (no ring)

@: flying
A: sickness immunity, fire resistance 2, cold vulnerability 1, float, innate
caster, HP casting, extra vitality 1
a: Renounce Religion, Minor Destruction, Lesser Servant of Makhleb, Major
Destruction, Greater Servant of Makhleb


You were in the Dungeon.
You worshipped Makhleb.
Makhleb was exalted by your worship.
You visited 1 branch

Inventory:

Hand Weapons
 h - the +∞ Axe of Woe (weapon)
   (You found it in the Dungeon)
Missiles
 c - 7 boomerangs of dispersal (quivered)
Armour
 a - a +0 leather armour (worn)
Scrolls
 b - 2 scrolls of blinking
Potions
 d - a potion of curing
 e - a potion of heal wounds
 f - a potion of haste
 g - a potion of berserk rage


   Skills:
 O Level 27 Fighting
 O Level 27 Axes
 + Level 25.1(27) Maces & Flails
 + Level 25.1(27) Polearms
 O Level 27 Throwing
 O Level 27 Armour
 O Level 27 Dodging
 O Level 27 Stealth
 O Level 27 Unarmed Combat
 O Level 27 Spellcasting
 O Level 27 Invocations


You knew the following spells:

 Your Spells              Type           Power      Damage    Failure   Level
a - Blink                 Tloc           100%       N/A       0%          2
b - Lesser Beckoning      Tloc           100%       N/A       0%          2
c - Vhi's Electric Charg  Tloc/Air       100%       N/A       0%          3
d - Teleport Other        Tloc           86%        N/A       0%          3
e - Manifold Assault      Tloc           86%        N/A       0%          4
f - Slow                  Hex            100%       N/A       0%          1
g - Scorch                Fire           100%       2d10      0%          2
h - Confusing Touch       Hex            86%        N/A       0%          3
i - Petrify               Tmut/Erth      86%        N/A       0%          4
j - Olgreb's Toxic Radia  Pois           86%        N/A       0%          4
k - Lee's Rapid Deconstr  Erth           43%        3d21*     0%          5
l - Iron Shot             Conj/Erth      43%        9d8       0%          6
m - Enfeeble              Hex            43%        N/A       1%          7
n - Eringya's Noxious Bo  Tmut/Pois      43%        N/A       0%          6
o - Orb of Destruction    Conj           43%        9d12      1%          7
p - Borgnjor's Revivific  Necr           43%        N/A       1%          8
q - Infestation           Necr           43%        N/A       1%          8
Your spell library was empty.

Dungeon Overview and Level Annotations

Branches:
Dungeon (1/1)

Altars:
Makhleb

Annotations:
D The Captor


Innate Abilities, Weirdness & Mutations

You are immune to sickness and miasma.
You are immune to poison.
Your flesh is very heat resistant. (rF++)
You are vulnerable to cold. (rC-)
You float through the air rather than walking.
You learn spells naturally, not from books.
Your magical power is your life essence.
You have superior vitality. (+4 MHP)


Message History

You dice the meat berserker like an onion!!!
You dissect the meat berserker like a pig carcass.
You kill the meat berserker!
Makhleb accepts your kill.
You hear a shout! x3
The accursed points at you and mumbles some strange words.
Something smites you!
The accursed gestures at you while chanting.
Something smites you! The accursed casts a spell at you. Something smites you!
You hear a shout! x4
The Captor comes into view.
He is wielding a +9 heavy triple sword.
You hear a shout!
The meat berserker rages.
Your base Maces & Flails skill gained 2 levels and is now at level 25!
Your base Polearms skill gained 2 levels and is now at level 25!
You hear a shout! x4
A meat berserker comes into view. It is wielding a +9 battleaxe.
The accursed points at you and mumbles some strange words.
Something smites you!
You hear a shout! x7; The Captor shouts!
A meat berserker comes into view. It is wielding a +9 battleaxe.
The meat berserker shouts!
The accursed points at you and mumbles some strange words.
Something smites you!
* * * LOW HITPOINT WARNING * * *
You hear a shout! x3
The accursed points at you and mumbles some strange words.
Something smites you!
* * * LOW HITPOINT WARNING * * *
The accursed gestures at you while chanting.
Something smites you!
* * * LOW HITPOINT WARNING * * *
You hear a shout! x3
The Captor gestures wildly while chanting.
The Captor seems to speed up.
You hear a shout!
The meat berserker hits you with a +9 battleaxe!!!
You die...

...................
..........)).....#
......).)).M....#.
...M...)M.))..##...
....#M))).)))#....
....z.O).)).)#...#
...##.#...))).@....
........).....O....
###....#O@O..####..
..............# .
.................
##.......=.......
################


You could see 4 accurseds, a sculptor of flesh, a large bag of meat (inner
flame), 3 meat berserkers and The Captor (fast).

Vanquished Creatures
  5 vampire knights (D)
  18 ogres (D)
  4 two-headed ogres (D)
  2 liches (D)
  A hydra (D)
  33 orcs (D)
  7 skeletal warriors (D)
70 creatures vanquished.

Notes
Turn   | Place    | Note
-------+----------+-------------------------------------------
     0 | D        | Found the +∞ Axe of Woe
     0 | D        | BigDaddyOpFi the Djinni Warper began the quest for the Orb.
     0 | D        | BigDaddyOpFi set off with the following spells memorised:
                  | Blink, Lesser Beckoning, Vhi's Electric Charge, Teleport
                  | Other, Manifold Assault.
     0 | D        | Reached XP level 1. HP: 18/18 MP: 0/0
     1 | D        | Noticed a bag of meat
     3 | D        | Noticed a bag of meat
     4 | D        | Noticed a meat berserker
     5 | D        | Killed a bag of meat
     5 | D        | Noticed a meat berserker
     6 | D        | Reached XP level 2. HP: 37/37 MP: 0/0
     6 | D        | Reached XP level 3. HP: 42/42 MP: 0/0
     6 | D        | Learned a level 1 spell: Slow
     6 | D        | Reached XP level 4. HP: 49/49 MP: 0/0
     6 | D        | Reached XP level 5. HP: 54/54 MP: 0/0
     6 | D        | Learned a level 2 spell: Scorch
     6 | D        | Reached XP level 6. HP: 59/59 MP: 0/0
     6 | D        | Reached XP level 7. HP: 65/65 MP: 0/0
     6 | D        | Learned a level 3 spell: Confusing Touch
     6 | D        | Reached XP level 8. HP: 71/71 MP: 0/0
     6 | D        | Reached XP level 9. HP: 76/76 MP: 0/0
     6 | D        | Learned a level 4 spell: Petrify
     6 | D        | Reached XP level 10. HP: 83/83 MP: 0/0
     6 | D        | Reached XP level 11. HP: 87/87 MP: 0/0
     6 | D        | Learned a level 4 spell: Olgreb's Toxic Radiance
     6 | D        | Became a worshipper of Makhleb the Destroyer
     7 | D        | Noticed a bag of meat
     7 | D        | Noticed a bag of meat
     7 | D        | Noticed a meat berserker
     8 | D        | Noticed a bag of meat
     9 | D        | Killed a meat berserker
     9 | D        | Killed a meat berserker
     9 | D        | Reached * piety under Makhleb
    10 | D        | Reached skill level 15 in Dodging
    10 | D        | Reached XP level 12. HP: 58/100 MP: 0/0
    10 | D        | Reached XP level 13. HP: 61/105 MP: 0/0
    10 | D        | Learned a level 5 spell: Lee's Rapid Deconstruction
    10 | D        | Reached XP level 14. HP: 65/112 MP: 0/0
    10 | D        | Killed a bag of meat
    10 | D        | Killed a meat berserker
    10 | D        | Killed a bag of meat
    10 | D        | Reached ** piety under Makhleb
    10 | D        | Noticed a meat berserker
    10 | D        | Noticed a bag of meat
    10 | D        | Noticed a bag of meat
    11 | D        | Reached skill level 15 in Fighting
    11 | D        | Reached skill level 10 in Axes
    11 | D        | Reached skill level 15 in Armour
    11 | D        | Reached skill level 10 in Stealth
    11 | D        | Reached skill level 15 in Unarmed Combat
    11 | D        | Reached XP level 15. HP: 71/121 MP: 0/0
    11 | D        | Learned a level 6 spell: Iron Shot
    13 | D        | Noticed a meat berserker
    14 | D        | Killed a meat berserker
    14 | D        | Reached *** piety under Makhleb
    15 | D        | Reached skill level 15 in Throwing
    15 | D        | Reached XP level 16. HP: 66/132 MP: 0/0
    15 | D        | Noticed a meat berserker
    15 | D        | Killed a meat berserker
    15 | D        | Reached **** piety under Makhleb
    16 | D        | Reached skill level 15 in Invocations
    16 | D        | Reached XP level 17. HP: 70/139 MP: 0/0
    16 | D        | Learned a level 7 spell: Enfeeble
    16 | D        | Noticed a destroyer
    17 | D        | Killed a destroyer
    18 | D        | Reached skill level 15 in Stealth
    18 | D        | Reached skill level 15 in Spellcasting
    18 | D        | Killed a meat berserker
    19 | D        | Reached skill level 15 in Axes
    19 | D        | Reached XP level 18. HP: 113/151 MP: 0/0
    20 | D        | Noticed a large bag of meat
    20 | D        | Noticed a meat berserker
    22 | D        | Noticed a large bag of meat
    22 | D        | Noticed a meat berserker
    22 | D        | Noticed a large bag of meat
    23 | D        | Noticed a large bag of meat
    25 | D        | Noticed a destroyer
    26 | D        | Noticed a meat berserker
    27 | D        | Killed a destroyer
    27 | D        | Reached ***** piety under Makhleb
    27 | D        | Killed a meat berserker
    28 | D        | Reached XP level 19. HP: 160/160 MP: 0/0
    28 | D        | Learned a level 6 spell: Eringya's Noxious Bog
    28 | D        | Noticed a sculptor of flesh
    28 | D        | Noticed a meat berserker
    29 | D        | Killed a meat berserker
    29 | D        | Noticed a meat berserker
    30 | D        | Killed a large bag of meat
    30 | D        | Reached ****** piety under Makhleb
    31 | D        | Reached XP level 20. HP: 153/173 MP: 0/0
    31 | D        | Killed a meat berserker
    32 | D        | Noticed a meat berserker
    32 | D        | Noticed a destroyer
    33 | D        | Reached skill level 27 in Dodging
    33 | D        | Reached XP level 21. HP: 151/182 MP: 0/0
    33 | D        | Learned a level 7 spell: Orb of Destruction
    33 | D        | Killed a large bag of meat
    33 | D        | Killed a meat berserker
    33 | D        | Noticed a large bag of meat
    34 | D        | Killed a meat berserker
    34 | D        | Noticed an eight-headed meat hydra
    36 | D        | Reached XP level 22. HP: 189/193 MP: 0/0
    36 | D        | Killed a destroyer
    37 | D        | Reached skill level 27 in Fighting
    37 | D        | Reached skill level 27 in Armour
    37 | D        | Reached skill level 27 in Unarmed Combat
    37 | D        | Killed a large bag of meat
    38 | D        | Killed a meat berserker
    39 | D        | Reached skill level 27 in Invocations
    41 | D        | Noticed an accursed
    41 | D        | Killed a large bag of meat
    42 | D        | Reached XP level 23. HP: 37/201 MP: 0/0
    42 | D        | Learned a level 8 spell: Borgnjor's Revivification
    44 | D        | Noticed a tyrant
    44 | D        | Killed a tyrant
    44 | D        | Noticed a destroyer
    45 | D        | Reached skill level 27 in Stealth
    45 | D        | Noticed a destroyer
    46 | D        | Reached skill level 27 in Throwing
    48 | D        | Reached skill level 27 in Axes
    49 | D        | Reached skill level 27 in Spellcasting
    49 | D        | Noticed an accursed
    50 | D        | Killed a destroyer
    51 | D        | Reached XP level 24. HP: 127/208 MP: 0/0
    51 | D        | Noticed an accursed
    51 | D        | Noticed a destroyer
    52 | D        | Noticed a tyrant
    53 | D        | Noticed an accursed
    54 | D        | Killed a tyrant
    54 | D        | Noticed a large bag of meat
    55 | D        | Killed a destroyer
    59 | D        | Reached XP level 25. HP: 214/214 MP: 0/0
    59 | D        | Learned a level 8 spell: Infestation
    60 | D        | Noticed The Captor
    62 | D        | Annihilated by a meat berserker

Illustrated notes

Levels and vault maps discovered:
D:        meatsprint

Skill      XL: |  1  2  3  4  5  6  7  8  9 10 11 12 13 14 15 16 17 18 19 20 21 22 23 24 25 |
---------------+----------------------------------------------------------------------------+-----
Fighting       | 11 14 15 18 20 21 23 25 26 27 | 27.0
Throwing       | 9 11 13 15 17 18 20 21 23 25 27 | 27.0
Armour         | 11 14 15 17 18 20 21 23 25 26 27 | 27.0
Dodging        | 12 15 17 19 20 22 23 25 27 | 27.0
Unarmed Combat | 11 14 15 17 18 20 21 23 25 26 27 | 27.0
Spellcasting   | 8 11 12 14 16 17 18 20 21 23 27 | 27.0
Axes           | 7 10 12 13 15 16 18 20 21 23 27 | 27.0
Stealth        | 8 10 13 14 16 17 20 21 23 25 27 | 27.0
Invocations    | 9 11 14 15 17 19 21 23 25 27 | 27.0
Maces & Flails | 12 23 25 | 25.1
Polearms       | 12 23 25 | 25.1

Action                     |  1- 3 |  4- 6 |  7- 9 | 10-12 | 13-15 | 16-18 | 19-21 | 22-24 | 25-27 || total
---------------------------+-------+-------+-------+-------+-------+-------+-------+-------+-------++-------
  Melee: Executioner's axe |     1 |       |       |     1 |     3 |     5 |     8 |    20 |     1 ||    39
   Cast: Vhi's Electric Ch |       |       |       |       |       |     1 |     1 |     4 |       ||     6
  Dodge: Dodged            |       |       |       |       |       |       |     1 |       |       ||     1

Table legend: (Time is in decaauts)
 A = Elapsed time spent in this place.
 B = Non-inter-level travel time spent in this place.
 C = Inter-level travel time spent in this place.
 D = Time resting spent in this place.
 E = Time spent auto-exploring this place.
 F = Levels seen in this place.
 G = Mean time per level.
                   A        B        C        D        E       F      G
               +--------+--------+--------+--------+--------+-----+--------+
         Total |     60 |     60 |      0 |      0 |      0 |   1 |   60.0 |
       Dungeon |     60 |     60 |      0 |      0 |      0 |   1 |   60.0 |
               +--------+--------+--------+--------+--------+-----+--------+

Top non-repeatable levels by time:
       D: 60 daAuts
